 Dungeon Crawl Stone Soup version bcrawl-1.19.2-6-g6a88ae04c9 (webtiles) character file.

Game seed: 16944869644295635489

30512 Mrkan the Brawler (level 13, -1/133 HPs)
             Began as a Troll Monk on Dec 24, 2019.
             Was the Champion of Yredelemnul.
             Slain by an ice devil (8 damage)
             ... on level 6 of the Lair of Beasts.
             The game lasted 00:22:20 (14729 turns).

Mrkan the Brawler (Troll Monk)                     Turns: 14729, Time: 00:22:21

Health: -1/133     AC: 11    Str: 22    XL:     13   Next: 21%
Magic:  0/20       EV: 10    Int: 13    God:    Yredelemnul [******]
Gold:   580        SH:  0    Dex: 12    Spells: 12/12 levels left

rFire    + . .     SeeInvis .     - Unarmed
rCold    x . .     Gourm    +   (no shield)
rNeg     . . .     Faith    .   (armour unavailable)
rPois    +         Spirit   +   a - +0 hat
rElec    +         Reflect  .   l - +0 cloak (curse)
rCorr    .         Harm     .   (gloves unavailable)
MR       .....                  (boots unavailable)
Stlth    +++.......             b - amulet of guardian spirit
HPRegen  1.12/turn              m - ring of insulation
MPRegen  0.17/turn              F - ring of Diboodwa {Fire rElec rPois Int+2 Stlth+}

@: no status effects
A: large, almost no armour, unfitting armour, claws 3, fast metabolism 3,
gourmand, regeneration 2, AC +10
a: Recall Undead Slaves, Injury Mirror, Animate Dead, Drain Life, Enslave Soul,
Renounce Religion


You were on level 6 of the Lair of Beasts.
You worshipped Yredelemnul.
Yredelemnul was exalted by your worship.
You were full.

You visited 2 branches of the dungeon, and saw 15 of its levels.

You collected 1165 gold pieces.
You spent 585 gold pieces at shops.

Inventory:

Hand Weapons
 G - the +10 flail "Ziozxyrgh" {chaos, rF- Str+8, unknown}
   (You found it on level 8 of the Dungeon)

   Each time it hits an enemy it has a different, random effect.
   It affects your strength (+8).
   It makes you vulnerable to fire.
Missiles
 H - 140 silver javelins (quivered)
 O - 67 javelins
Armour
 a - a +0 hat (worn)
 l - a cursed +0 cloak (worn)
 D - a +0 cloak
Jewellery
 b - an amulet of guardian spirit (around neck)
 m - a ring of insulation (left claw)
 r - a +3 ring of evasion
 y - an uncursed ring of resist corrosion
 F - the ring of Diboodwa (right claw) {Fire rElec rPois Int+2 Stlth+}
   (You bought it in a shop on level 9 of the Dungeon)

   [ring of fire]

   It enhances your fire magic.
   It affects your intelligence (+2).
   It protects you from fire.
   It makes you vulnerable to cold.
   It insulates you from electricity.
   It protects you from poison.
   It makes you more stealthy.
 K - a cursed ring of teleportation {unknown}
 T - an uncursed ring of magical power {unknown}
Wands
 A - a wand of random effects (21)
 E - a wand of acid (14)
 I - a wand of enslavement (14)
 N - a wand of digging (8)
 R - a wand of polymorph (12)
 U - a wand of iceblast (9)
Scrolls
 e - 21 scrolls of identify {unknown}
 f - 3 scrolls of fear {unknown}
 g - 8 scrolls of remove curse {unknown}
 h - 4 scrolls of noise {unknown}
 i - 4 scrolls of immolation {unknown}
 o - 3 scrolls of amnesia {unknown}
 p - 7 scrolls of teleportation {unknown}
 u - a scroll of magic mapping {unknown}
 w - a scroll of fog {unknown}
 J - 2 scrolls of enchant weapon {unknown}
 L - 2 scrolls of enchant armour {unknown}
 M - a scroll of blinking {unknown}
 Q - a scroll of acquirement {unknown}
 X - a scroll of brand weapon {unknown}
Potions
 d - 3 potions of lignification
 j - 2 potions of cancellation {unknown}
 k - 11 potions of curing
 n - 5 potions of degeneration {unknown}
 q - a potion of berserk rage {unknown}
 s - a potion of resistance {unknown}
 t - a potion of mutation {unknown}
 v - 6 potions of heal wounds {unknown}
 x - a potion of magic {unknown}
 z - 4 potions of flight {unknown}
 B - a potion of agility
 C - 2 potions of haste
 P - 2 potions of invisibility {unknown}
 V - a potion of brilliance {unknown}
 W - a potion of might {unknown}
Comestibles
 c - 40 rations {!d}


   Skills:
 + Level 10.0 Fighting
 - Level 2.4 Dodging
 - Level 1.1 Stealth
 * Level 15.6 Unarmed Combat
 + Level 11.3 Invocations


You had 12 spell levels left.
You didn't know any spells.
Your spell library contained the following spells:

 Spells                   Type           Power        Failure   Level  Hunger
 Apportation              Tloc           #.....       30%         1    ##.....
 Infusion                 Chrm           #.......     30%         1    ##.....
 Sandblast                Erth           #.....       30%         1    ##.....
 Shock                    Conj/Air       #....        30%         1    ##.....
 Slow                     Hex            #.......     30%         1    ##.....
 Summon Butterflies       Summ           #.......     30%         1    ##.....
 Passwall                 Tmut/Erth      #.......     43%         2    ###....
 Swiftness                Chrm/Air       #.......     43%         2    ###....
 Static Discharge         Air            #.......     67%         3    ####...
 Stone Arrow              Conj/Erth      #.....       67%         3    ####...
 Airstrike                Air            #.........   97%         4    #####..
 Petrify                  Tmut/Erth      #.......     97%         4    #####..
 Lee's Rapid Deconstruct  Erth           #.........   100%        5    ######.
 Lightning Bolt           Conj/Air       #.........   100%        5    ######.


Dungeon Overview and Level Annotations

Branches:
Dungeon (9/12)             Temple (0/1) D:7            Lair (6/6) D:9
 Shoals (0/3) Lair:2        Snake (0/3) Lair:3        Slime (0/5) Lair:6
    Orc (0/1) D:9

Altars:
Cheibriados
Elyvilon
Fedhas
Gozag
Hepliaklqana
Kikubaaqudgha
Makhleb
Nemelex Xobeh
Okawaru
Vehumet
Yredelemnul
Jiyva

Shops:
D:9 ?==

Annotations:
D:8 Psyche


Innate Abilities, Weirdness & Mutations

You cannot wear most types of armour.
Your thick skin is tough. (AC +10)
You are too large for most types of armour.
You have claws for hands.
Your metabolism is lightning-fast.
You like to eat raw meat.
You heal very quickly.


Message History

The smoke demon hits your wraith but does no damage.
The smoke demon closely misses your wraith.
Your wraith hits the smoke demon.
Your wraith drains the smoke demon's vigour!
The smoke demon seems to slow down.
Your wraith hits the red devil but does no damage.
The red devil hits you from afar with a +0 trident!
* * * LOW HITPOINT WARNING * * *
Your wraith hits the orange demon.
Your freezing wraith hits the ice devil but does no damage.
Your freezing wraith closely misses the ice devil.
You mangle the ice devil!!
You kill the ice devil!
Yredelemnul accepts your kill.
The orange demon closely misses your skeletal warrior.
The orange demon hits your skeletal warrior but does no damage.
Your skeletal warrior hits the orange demon but does no damage.
The ice devil hits you!
You die...
Your body rises from the dead as a mindless zombie.

zz.zz..♣♣♣ ♣.....♣
♣.♣♣♣♣♣♣
######''####### ♣♣♣
#########....††)......#
........#WW.8....8....#
..8.8...'.W...........#
...#.8.W###############
.#.8...#..W4....≈
...8.#..#..zW.....
..8.#...'.@44_....
...8.8..#.z.3..§§.
........#.WW..≈§§§
############§≈§≈§§
≈≈≈§§§ ######


You could see an orange demon, an ice devil, a smoke demon, a red devil, 2
friendly skeletal warriors, a friendly freezing wraith and 3 friendly wraiths.

Vanquished Creatures
  A hydra (Lair:6)
  A two-headed ogre (D:9)
  A sun demon (Lair:6)
  A wizard (Lair:6)
  3 elephants
  2 black mambas
  10 cane toads
  An ice devil (Lair:6)
  3 rime drakes (Lair:6)
  A komodo dragon (Lair:2)
  A queen bee (Lair:3)
  2 polar bears (Lair:5)
  Grinder (D:5)
  A slime creature (Lair:6)
  5 blink frogs (Lair:6)
  4 hippogriffs
  A dream sheep (Lair:6)
  3 basilisks
  15 yaks
  Grum (D:8)
  8 crocodiles
  4 water moccasins
  2 hell hounds (Lair:6)
  3 porcupines
  A necrophage (D:6)
  An orc warrior (D:8)
  2 sky beasts
  A black bear (D:7)
  An ice beast (D:9)
  4 ogres
  A centaur (D:7)
  2 phantoms (D:9)
  5 wolves
  A big kobold (D:8)
  A wyvern zombie (D:6)
  A water moccasin zombie (D:9)
  4 scorpions
  5 killer bees (Lair:3)
  2 howler monkeys (D:9)
  A crimson imp (D:3)
  A quasit (D:7)
  A bullfrog zombie (D:5)
  3 hounds
  3 jellies
  A bullfrog skeleton (D:6)
  2 iguanas (D:7)
  5 orc wizards
  7 worker ants
  2 gnolls (D:4)
  3 adders
  2 shadow imps
  An adder skeleton (D:5)
  9 worms
  A dart slug (D:4)
  A leopard gecko (D:3)
  34 orcs
  6 giant cockroaches
  9 goblins
  2 hobgoblins (D:1)
  10 jackals
  3 quokkas
  A ball python (D:1)
  2 bats
  3 frilled lizards
  8 kobolds
  5 rats
  5 plants
238 creatures vanquished.

Vanquished Creatures (collateral kills)
  Snorg (Lair:4)
  4 hydras
  Erica (Lair:2)
  4 death yaks (Lair:6)
  Sonja (Lair:3)
  An unseen horror (D:8)
  An orc knight (D:9)
  5 elephants
  A manticore (D:9)
  A merfolk siren (Lair:2)
  Maurice (D:8)
  4 cane toads
  5 komodo dragons
  An ice devil (Lair:6)
  A troll (D:9)
  4 blink frogs (Lair:6)
  A slime creature (Lair:6)
  3 hippogriffs (Lair:6)
  13 yaks
  Eustachio (D:5)
  2 basilisks (Lair:6)
  9 crocodiles
  A water moccasin (Lair:1)
  2 hell hounds (Lair:6)
  2 porcupines
  3 orc warriors (D:9)
  A hornet zombie (D:9)
  4 phantoms
  5 ogres
  2 wolves
  2 centaurs
  3 bullfrogs
  A scorpion (D:9)
  14 killer bees (Lair:3)
  3 wights (D:9)
  A howler monkey (D:9)
  3 crimson imps
  A centaur zombie (D:6)
  A hound (D:4)
  A jelly (D:9)
  2 orc priests
  2 centaur skeletons
  A bullfrog skeleton (D:5)
  A hell rat (Lair:6)
  3 orc wizards
  A worker ant (D:4)
  A hound skeleton (D:4)
  2 worker ant zombies
  A howler monkey skeleton (D:5)
  A gnoll (D:4)
  A shadow imp (D:6)
  A worm (D:5)
  A leopard gecko (D:5)
  22 orcs
  A giant cockroach (D:5)
  A hobgoblin (D:2)
  8 jackals
  6 kobolds
  A quokka (D:5)
  20 fungi
  6 plants
198 creatures vanquished.

Vanquished Creatures (others)
  2 skeletal warriors
  5 flying skulls
  3 wraiths
  2 vampires (Lair:6)
  4 wights
  An orc wizard (D:5)
  3 mummies
  12 fungi
  4 plants
36 creatures vanquished.

Grand Total: 472 creatures vanquished

Notes
Turn   | Place    | Note
-------+----------+-------------------------------------------
     0 | D:1      | Mrkan the Troll Monk began the quest for the Orb.
     0 | D:1      | Reached XP level 1. HP: 22/22 MP: 1/1
    85 | D:1      | Reached XP level 2. HP: 18/29 MP: 0/2
   649 | D:1      | Reached XP level 3. HP: 35/36 MP: 3/3
   766 | D:1      | Reached skill level 4 in Unarmed Combat
   977 | D:2      | Found a blossoming altar of Fedhas.
  1042 | D:2      | Found a hazy altar of Hepliaklqana.
  1043 | D:2      | Found a basalt altar of Yredelemnul.
  1059 | D:2      | Became a worshipper of Yredelemnul the Dark
  1059 | D:2      | Reached * piety under Yredelemnul
  1059 | D:2      | Reached ** piety under Yredelemnul
  1264 | D:2      | Found a radiant altar of Vehumet.
  2046 | D:3      | Gained mutation: Your natural rate of healing is unusually
                  | fast. [Troll growth]
  2046 | D:3      | Reached XP level 4. HP: 38/45 MP: 4/4
  2156 | D:3      | Reached skill level 5 in Unarmed Combat
  2156 | D:3      | Reached XP level 5. HP: 36/53 MP: 5/5
  2996 | D:4      | Reached XP level 6. HP: 50/61 MP: 5/7
  3015 | D:4      | Found a white marble altar of Elyvilon.
  3085 | D:4      | Reached *** piety under Yredelemnul
  3202 | D:4      | Reached skill level 6 in Unarmed Combat
  3443 | D:4      | Found a burning altar of Makhleb.
  3693 | D:5      | Entered Level 5 of the Dungeon
  3778 | D:5      | Noticed Grinder
  3792 | D:5      | Paralysed by Grinder for 3 turns
  3798 | D:5      | Killed Grinder
  3798 | D:5      | Reached XP level 7. HP: 64/70 MP: 6/8
  3980 | D:5      | Reached skill level 7 in Unarmed Combat
  3992 | D:5      | Found a sparkling altar of Nemelex Xobeh.
  4230 | D:5      | Found an iron altar of Okawaru.
  4260 | D:5      | Found a radiant altar of Vehumet.
  4304 | D:5      | Noticed Eustachio
  4308 | D:5      | Killed Eustachio
  4308 | D:5      | Reached XP level 8. HP: 79/79 MP: 10/10
  4810 | D:6      | Found a snail-covered altar of Cheibriados.
  4964 | D:6      | Reached skill level 8 in Unarmed Combat
  4964 | D:6      | Reached skill level 5 in Invocations
  5048 | D:6      | Reached skill level 5 in Fighting
  5223 | D:7      | Found an opulent altar of Gozag.
  5392 | D:7      | Found a staircase to the Ecumenical Temple.
  5473 | D:7      | Reached **** piety under Yredelemnul
  5543 | D:7      | Reached skill level 9 in Unarmed Combat
  5971 | D:8      | HP: 3/80 [something (6)]
  6000 | D:8      | Killed an unseen horror
  6000 | D:8      | Reached XP level 9. HP: 23/88 MP: 5/12
  6325 | D:8      | Noticed Grum
  6330 | D:8      | Noticed Psyche
  6331 | D:8      | Killed Grum
  6331 | D:8      | Reached skill level 10 in Unarmed Combat
  6346 | D:8      | Noticed Maurice
  6369 | D:8      | Killed Maurice
  6509 | D:8      | Got a polished flail
  6992 | D:9      | Found Jinuukum's Magic Scroll Boutique.
  7033 | D:9      | Reached XP level 10. HP: 99/99 MP: 14/14
  7078 | D:9      | Noticed a manticore
  7078 | D:9      | Noticed an orc knight
  7087 | D:9      | Killed a manticore
  7093 | D:9      | Reached skill level 11 in Unarmed Combat
  7121 | D:9      | Killed an orc knight
  7624 | D:9      | Reached skill level 12 in Unarmed Combat
  7880 | D:9      | Found a staircase to the Lair.
  8042 | D:9      | Reached ***** piety under Yredelemnul
  8043 | D:9      | Found a staircase to the Orcish Mines.
  8059 | D:9      | Reached XP level 11. HP: 103/108 MP: 16/16
  8135 | D:9      | Found Cuxzom's Jewellery Shoppe.
  8168 | D:9      | Found Racateh's Jewellery Boutique.
  8176 | D:9      | Bought the ring of Diboodwa {Fire rElec rPois Int+2 Stlth+}
                  | for 585 gold pieces
  8332 | D:9      | Noticed a two-headed ogre
  8343 | D:9      | Killed a two-headed ogre
  8535 | Lair:1   | Entered Level 1 of the Lair of Beasts
  8963 | Lair:1   | Found an ancient bone altar of Kikubaaqudgha.
  9748 | Lair:2   | Reached skill level 13 in Unarmed Combat
  9874 | Lair:2   | Noticed Erica
  9886 | Lair:2   | Killed Erica
 10009 | Lair:2   | Found a staircase to the Shoals.
 10696 | Lair:3   | Noticed Sonja
 11017 | Lair:3   | Found a staircase to the Snake Pit.
 11367 | Lair:3   | Killed Sonja
 11972 | Lair:4   | Noticed a five-headed hydra
 11975 | Lair:4   | Killed a five-headed hydra
 11975 | Lair:4   | Gained mutation: You heal very quickly. [Troll growth]
 11975 | Lair:4   | Reached XP level 12. HP: 116/122 MP: 18/18
 12009 | Lair:4   | Reached skill level 10 in Invocations
 12145 | Lair:4   | Noticed Snorg
 12152 | Lair:4   | Killed Snorg
 12152 | Lair:4   | Reached skill level 14 in Unarmed Combat
 12985 | Lair:5   | Found the +4 skin of Zhor {+Rage rC+++ Slay+4}
 13543 | Lair:6   | Entered Level 6 of the Lair of Beasts
 13812 | Lair:6   | Noticed a four-headed hydra
 13819 | Lair:6   | Killed a four-headed hydra
 13839 | Lair:6   | Noticed a four-headed hydra
 13857 | Lair:6   | Killed a five-headed hydra
 13857 | Lair:6   | Reached skill level 15 in Unarmed Combat
 13927 | Lair:6   | Reached ****** piety under Yredelemnul
 13949 | Lair:6   | Found a large runed door.
 13950 | Lair:6   | Found a large runed door.
 14003 | Lair:6   | Noticed a death yak
 14006 | Lair:6   | Noticed a death yak
 14008 | Lair:6   | Noticed a death yak
 14009 | Lair:6   | Noticed a death yak
 14009 | Lair:6   | Killed a death yak
 14015 | Lair:6   | Killed a death yak
 14020 | Lair:6   | Killed a death yak
 14020 | Lair:6   | Killed a death yak
 14020 | Lair:6   | Reached XP level 13. HP: 111/133 MP: 15/20
 14251 | Lair:6   | Found a viscous altar of Jiyva.
 14251 | Lair:6   | Found a staircase to the Slime Pits.
 14696 | Lair:6   | Reached skill level 10 in Fighting
 14711 | Lair:6   | Found a burning altar of Makhleb.
 14729 | Lair:6   | Slain by an ice devil

Skill      XL: |  1  2  3  4  5  6  7  8  9 10 11 12 13 |
---------------+----------------------------------------+-----
Unarmed Combat | 4 5 6 7 9 10 12 13 15 | 15.6
Fighting       | 3 4 5 6 7 8 9 10 | 10.0
Invocations    | 3 4 6 7 8 9 11 | 11.3
Dodging        | |  2.4
Stealth        | |  1.1

Action                   |  1- 3 |  4- 6 |  7- 9 | 10-12 | 13-15 || total
-------------------------+-------+-------+-------+-------+-------++-------
Melee: Unarmed           |   151 |   110 |   193 |   434 |    48 ||   936
       Punch             |     1 |     4 |     8 |    29 |     3 ||    45
Invok: Recall Undead Sla |       |       |     1 |     2 |     1 ||     4
       Animate Dead      |       |       |       |     1 |       ||     1
  Use: Potion            |       |       |       |     3 |       ||     3
 Stab: Sleeping          |     3 |     1 |     2 |     6 |       ||    12
       Distracted        |       |     1 |       |     5 |     1 ||     7
       Confused          |       |       |       |     1 |       ||     1
  Eat: Chunk             |    12 |    10 |    21 |    38 |     2 ||    83
       Ration            |       |       |     1 |     2 |       ||     3
Armor: Skin              |    63 |    57 |    91 |   188 |    24 ||   423
Dodge: Dodged            |    89 |    42 |   116 |   233 |    19 ||   499
